Map: 뉴 리퍼그넌시 - 래더

Players

soul

  • Race: Terran Terran
  • League: Grandmaster
  • Spawn Location: 7:00

Ragnarok (SHIN) - Winner!

  • Race: Zerg Zerg
  • Spawn Location: 1:00

Event: 2019 Assembly Summer

VOD

Have the link to the VOD?

Description

Time

  • Played on: Aug. 1, 2019, 7:37 a.m.
  • Length: 8:35

All games in this series

Show
View Real Time Build Order
Export as new Build Order

soul Terran 

Build Orders: Gas First Reaper Expand 

Get SALT Encoding   

  12  0:00  SCV  
  13  0:12  SCV  
  14  0:17  Supply Depot  
  14  0:24  SCV  
  14  0:28  Refinery  
  15  0:38  SCV  
  16  0:44  Barracks  
  16  0:51  SCV  
  17  1:03  SCV  
  18  1:15  SCV  
  19  1:31  Reaper  
  19  1:32  Orbital Command  
  20  1:43  Command Center  
  20  1:55  Factory  
  20  1:58  SCV  
  21  2:07  Barracks Reactor  
  21  2:12  SCV  
  21  2:15  Supply Depot  
  22  2:24  SCV  
  23  2:39  SCV  
  23  2:41  Command Center  
  24  2:49  Hellion  
  24  2:50  Hellion  
  28  2:52  Barracks Tech Lab  
  28  2:54  SCV  
  29  3:02  Orbital Command  
  29  3:06  SCV  
  29  3:11  Hellion  
  32  3:17  Hellion  
  32  3:18  Barracks Tech Lab  
  35  3:20  SCV  
  35  3:27  SCV  
  35  3:32  SCV  
  37  3:37  Stimpack, Marine  
  37  3:39  SCV  
  39  3:44  SCV  
  39  3:45  Factory Reactor  
  40  3:49  Barracks  
  40  3:51  SCV  
  40  3:52  Barracks  
  41  3:56  SCV  
  41  3:57  Orbital Command  
  41  3:58  Marine  
  43  4:03  SCV  
  43  4:04  Starport  
  43  4:08  SCV  
  43  4:09  Refinery  
  45  4:15  SCV  
  46  4:19  Barracks  
  46  4:21  Barracks  
  44  4:24  SCV  
  44  4:26  Refinery  
  44  4:28  Refinery, SCV  
  46  4:33  SCV  
  46  4:35  Marine  
  46  4:36  SCV  
  46  4:37  Marine x2  
  51  4:45  Engineering Bay  
  51  4:46  Engineering Bay  
  51  4:48  SCV  
  51  4:49  SCV  
  53  4:54  SCV  
  53  4:55  Marine  
  53  4:57  Starport Reactor, Supply Depot  
  53  4:59  Marine  
  56  5:01  SCV  
  56  5:03  Marine x2  
  56  5:04  Marine  
  56  5:06  Barracks Reactor  
  61  5:11  SCV  
  61  5:14  Supply Depot  
  61  5:16  Barracks Reactor  
  61  5:19  Siege Tank  
  64  5:21  Supply Depot  
  64  5:22  Terran Infantry Weapons Level 1  
  64  5:24  Terran Infantry Armor Level 1  
  64  5:25  Marine  
  64  5:27  SCV  
  64  5:28  SCV  
  67  5:29  SCV  
  67  5:31  Marine  
  69  5:35  Marine  
  69  5:36  Marine  
  69  5:38  Supply Depot, Marine  
  69  5:39  SCV  
  69  5:42  Combat Shield  
  73  5:43  Marine  
  73  5:47  Medivac  
  73  5:48  Medivac  
  78  5:50  Orbital Command  
  78  5:51  Marine x2  
  78  5:53  Marine  
  78  5:55  Marine  
  78  5:56  Marine  
  83  5:59  Supply Depot  
  83  6:00  Supply Depot  
  83  6:03  Siege Tank  
  86  6:05  Marine x2  
  86  6:07  Marine  
  86  6:08  Marine  
  86  6:10  Marine  
  91  6:12  Marine x2  
  93  6:21  Supply Depot, Marine x2  
  93  6:24  Marine x2  
  97  6:25  Marine  
  97  6:31  Supply Depot, Medivac  
  97  6:32  Marine  
  101  6:35  Siege Tank  
  101  6:36  Marine  
  104  6:40  Marine x4  
  104  6:42  Marine  
  104  6:45  Marine  
  110  6:50  Marine x2  
  111  6:54  Marine  
  111  6:58  Marine x3  
  111  7:00  Marine  
  116  7:03  Marine x2  
  116  7:05  Supply Depot  
  116  7:08  Marine x2  
  118  7:12  Marine  
  119  7:16  Marine x3  
  119  7:17  Marine  
  119  7:21  Marine  
  120  7:25  Marine  
  120  7:26  Marine  
  103  7:30  Marine  
  103  7:34  Marine x2  
  102  7:37  Marine x3  
  102  7:39  Marine  
  102  7:43  Marine  
  107  7:45  Marine  
  107  7:47  Marine  
  105  7:51  Marine x2  
  105  7:55  Marine x2  
  105  7:57  Marine x2  
  89  8:01  Marine  
  89  8:03  Marine  
  89  8:05  Marine  
  76  8:09  Marine x2  
  82  8:13  Marine x2  
Show
View Real Time Build Order
Export as new Build Order

Ragnarok Zerg - Winner!

Build Orders: Hatch First 

Get SALT Encoding   

  12  0:01  Drone  
  13  0:12  Overlord  
  13  0:17  Drone  
  14  0:30  Drone  
  14  0:31  Drone  
  14  0:35  Drone  
  17  0:51  Hatchery  
  17  0:55  Drone  
  17  0:58  Drone  
  18  1:09  Extractor  
  17  1:13  Spawning Pool  
  17  1:16  Drone  
  17  1:19  Drone  
  18  1:28  Drone  
  19  1:55  Overlord  
  19  1:59  Zergling x2  
  19  2:00  Zergling x2  
  21  2:02  Queen x2  
  21  2:03  Drone  
  26  2:12  Drone  
  26  2:13  Metabolic Boost  
  26  2:14  Drone  
  28  2:24  Drone  
  28  2:25  Drone  
  30  2:32  Drone  
  31  2:38  Hatchery  
  30  2:45  Queen  
  32  2:51  Overlord  
  32  2:54  Drone  
  32  2:57  Drone  
  34  3:02  Pneumatized Carapace  
  34  3:11  Drone x2  
  34  3:12  Drone x3  
  39  3:14  Drone  
  40  3:20  Drone x3  
  43  3:28  Overlord  
  43  3:30  Overlord  
  43  3:44  Drone  
  43  3:46  Queen  
  43  3:48  Zergling x8  
  50  3:51  Queen, Zergling x2  
  50  3:53  Drone x2  
  50  3:55  Drone  
  56  3:56  Drone  
  56  3:58  Drone  
  56  4:00  Drone  
  59  4:03  Drone  
  59  4:09  Drone  
  61  4:12  Evolution Chamber x2  
  61  4:14  Drone x2  
  61  4:19  Extractor  
  61  4:20  Drone x2, Overlord  
  61  4:22  Drone x3  
  65  4:29  Drone  
  65  4:30  Overlord x2  
  66  4:35  Overlord  
  66  4:38  Lair  
  66  4:39  Drone x2  
  66  4:45  Baneling Nest  
  67  4:46  Zerg Melee Weapons Level 1  
  67  4:47  Drone  
  67  4:48  Drone  
  67  4:51  Drone, Extractor x2  
  68  4:56  Drone x2  
  68  4:58  Drone x2  
  68  4:59  Drone  
  73  5:00  Drone x2  
  73  5:03  Drone x2  
  73  5:04  Drone  
  78  5:11  Drone  
  78  5:13  Zerg Ground Armor Level 1  
  79  5:14  Queen  
  79  5:17  Overlord  
  79  5:21  Zergling x6  
  84  5:30  Hatchery  
  84  5:32  Zergling x8  
  87  5:38  Centrifical Hooks  
  87  5:43  Zergling x2  
  87  5:44  Zergling x12  
  87  5:49  Infestation Pit  
  93  5:51  Zergling x10  
  93  5:56  Baneling x8  
  97  6:06  Baneling x3  
  97  6:07  Baneling  
  97  6:09  Zergling x2  
  97  6:10  Zergling x14  
  105  6:13  Baneling  
  105  6:14  Baneling  
  105  6:20  Overlord x2  
  105  6:27  Drone  
  105  6:28  Overlord  
  106  6:33  Overlord  
  106  6:34  Overlord  
  105  6:40  Drone x7  
  105  6:44  Zergling x2  
  105  6:45  Zergling x2  
  105  6:46  Hive  
  112  6:47  Zergling x4  
  112  6:48  Zergling x2  
  112  6:52  Zergling x4  
  115  6:55  Baneling, Zergling x2  
  115  6:56  Baneling x5  
  115  7:00  Drone x4  
  120  7:02  Zergling x8  
  120  7:04  Zergling x2  
  120  7:07  Baneling x5  
  123  7:10  Zergling x4  
  123  7:12  Baneling x3  
  123  7:13  Zergling x2  
  123  7:15  Zergling x8  
  124  7:24  Zergling x4  
  124  7:26  Zergling x6  
  124  7:29  Baneling x7  
  110  7:30  Baneling, Zergling x4  
  110  7:31  Zergling x8  
  110  7:34  Zergling x2  
  110  7:36  Spine Crawler, Zergling x2  
  110  7:37  Baneling x3, Spine Crawler  
  116  7:38  Zergling x2  
  116  7:40  Zergling x2  
  116  7:41  Queen x2  
  116  7:44  Zergling x10  
  118  7:46  Baneling  
  118  7:47  Baneling x3  
  118  7:51  Zergling x8  
  120  7:55  Zergling x2  
  104  7:59  Zergling x6  
  104  8:01  Zergling x2  
  104  8:02  Zergling x2  
  104  8:03  Zergling x2  
  106  8:07  Zergling x8  
  106  8:10  Zergling x2  
  115  8:13  Zergling x2  
  115  8:14  Zergling x6  
  115  8:16  Zergling x4  
  115  8:17  Baneling x2  
Tags
 
Add a new tag
Caveats
  • Supply blocks, unpowered buildings, or Contaminate may cause inaccurate times.
  • Supply counts are checked every 10 seconds.